 Dungeon Sprint DCSS version 0.27-a0-1202-ge72e49191c (webtiles) character file.

Game seed: 13127684988298021834

1611 HoaS the Blocker (level 8, 0/46 HPs)
             Began as a Gargoyle Fighter on June 3, 2021.
             Was a Believer of Makhleb.
             Slain by a manticore (15 damage)
             ... in the Dungeon (Sprint IX: "|||||||||||||||||||||||||||||").
             The game lasted 00:04:42 (568 turns).

HoaS the Blocker (Gargoyle Fighter)                  Turns: 568, Time: 00:04:43

Health: 0/46       AC: 17    Str: 21    XL:     8   Next: 95%
Magic:  8/8        EV: 10    Int: 10    God:    Makhleb [**....]
Gold:   0          SH: 13    Dex: 12    Spells: 7/7 levels left

rFire    . . .     SeeInvis .   a - +0 flail
rCold    . . .     Faith    .   c - +0 kite shield
rNeg     + . .     Spirit   .   m - +2 ring mail
rPois    ∞         Reflect  .   (no helmet)
rElec    +         Harm     .   l - +0 cloak
rCorr    .         Rampage  .   (no gloves)
Will     .....     NoTele   +   k - +0 pair of boots
Stlth    +.........             (no amulet)
HPRegen  0.15/turn              n - +3 ring of dexterity
MPRegen  0.11/turn              o - +2 ring of protection

@: very slightly contaminated, invisible
A: sickness immunity, AC +5, negative energy resistance 1, electricity
resistance, torment resistance 1, petrification resistance
a: Renounce Religion, Minor Destruction


You were in the Dungeon.
You worshipped Makhleb.
Makhleb was pleased with you.
You visited 1 branch

Inventory:

Hand Weapons
 a - a +0 flail (weapon)
Armour
 c - a +0 kite shield (worn)
 k - a +0 pair of boots (worn)
 l - a +0 cloak (worn)
 m - a +2 ring mail (worn)
Jewellery
 n - a +3 ring of dexterity (left hand)
 o - a +2 ring of protection (right hand)
Wands
 h - a wand of acid (10)
Scrolls
 j - 2 scrolls of blinking
Potions
 e - 5 potions of curing


   Skills:
 - Level 3.2 Fighting
 - Level 14.0 Maces & Flails
 - Level 3.2 Armour
 + Level 14.1 Shields


You had 7 spell levels left.
You didn't know any spells.
Your spell library was empty.

Dungeon Overview and Level Annotations

Branches:
Dungeon (1/1)

Altars:
Cheibriados
Dithmenos
Elyvilon
Fedhas
Gozag
Hepliaklqana
Kikubaaqudgha
Makhleb
Nemelex Xobeh
Okawaru
Qazlal
Ru
Sif Muna
Trog
Uskayaw
Vehumet
Wu Jian
Xom
Yredelemnul
Zin
The Shining One
Beogh
Jiyva
Lugonu


Innate Abilities, Weirdness & Mutations

You are immune to sickness and miasma.
Your stone body is resilient. (AC +5)
You are immune to poison.
You resist negative energy. (rN+)
You are resistant to electric shocks. (rElec)
You are resistant to unholy torment.
You are immune to petrification.


Message History

You kill the five-headed hydra!
Makhleb accepts your kill.
You feel better.
Your Shields skill gained 2 levels and is now at level 14!
You hit the manticore.
The manticore is lightly wounded.
You closely miss the manticore.
The manticore is lightly wounded.
You block the manticore's attack.
The manticore claws you but does no damage.
You block the manticore's attack.
You thump the manticore!
The manticore is moderately wounded.
The deep elf pyromancer casts a spell.
The manticore bites you.
The manticore claws you but does no damage.
You block the manticore's attack.
You strike the helpless manticore from behind!
You hit the manticore.
The manticore is heavily wounded.
You block the manticore's attack. The manticore closely misses you.
The manticore claws you but does no damage.
You closely miss the manticore.
The manticore is heavily wounded.
You sock the manticore!
The manticore is severely wounded.
You block the manticore's attack. The manticore claws you.
You block the manticore's attack.
You hit the manticore but do no damage.
The manticore is severely wounded.
You block the manticore's attack.
The manticore claws you but does no damage.
You block the manticore's attack.
You catch the helpless manticore completely off-guard!
You hit the manticore but do no damage.
The manticore is severely wounded.
You sock the manticore!
The manticore is almost dead.
The manticore bites you!
You die...

▓+▓
▓C▓
▓e▓
▓E▓
▓W▓
▓H▓
▓@▓
▓'▓
▓.▓
▓.▓
▓.▓
▓.▓
▓)▓
▓)▓
▓)▓


You could see a manticore, a cyclops, a deep elf pyromancer, a fire elemental
(summoned, wandering) and a wraith.

Vanquished Creatures
  A hydra (D)
  An ugly thing (D)
  A kobold demonologist (D)
  A hornet (D)
  2 yaks (D)
  A centaur (D)
  A hound (D)
  2 orc wizards (D)
  A bat skeleton (D)
  A goblin (D)
  A hobgoblin (D)
  A jackal (D)
  2 kobolds (D)
  A quokka (D)
  A ball python zombie (D)
18 creatures vanquished.

Notes
Turn   | Place    | Note
-------+----------+-------------------------------------------
     0 | D        | HoaS the Gargoyle Fighter began the quest for the Orb.
     0 | D        | Reached XP level 1. HP: 14/14 MP: 1/1
   195 | D        | Noticed a hound
   195 | D        | Noticed a centaur
   201 | D        | Killed a centaur
   202 | D        | Reached XP level 2. HP: 8/19 MP: 2/2
   202 | D        | Reached XP level 3. HP: 10/23 MP: 3/3
   202 | D        | Reached XP level 4. HP: 13/28 MP: 4/4
   215 | D        | Found a snail-covered altar of Cheibriados.
   215 | D        | Found a shadowy altar of Dithmenos.
   215 | D        | Found a white marble altar of Elyvilon.
   215 | D        | Found a blossoming altar of Fedhas.
   215 | D        | Found an opulent altar of Gozag.
   216 | D        | Found a hazy altar of Hepliaklqana.
   217 | D        | Found a viscous altar of Jiyva.
   218 | D        | Found an ancient bone altar of Kikubaaqudgha.
   219 | D        | Found a corrupted altar of Lugonu.
   220 | D        | Found a burning altar of Makhleb.
   221 | D        | Found a sparkling altar of Nemelex Xobeh.
   222 | D        | Found an iron altar of Okawaru.
   223 | D        | Found a stormy altar of Qazlal.
   224 | D        | Found a sacrificial altar of Ru.
   225 | D        | Found a shimmering blue altar of Sif Muna.
   226 | D        | Found a bloodstained altar of Trog.
   227 | D        | Found a hide-covered altar of Uskayaw.
   228 | D        | Found a radiant altar of Vehumet.
   229 | D        | Found an ornate altar of the Wu Jian Council.
   230 | D        | Found a shimmering altar of Xom.
   231 | D        | Found a basalt altar of Yredelemnul.
   232 | D        | Found a glowing silver altar of Zin.
   233 | D        | Found a glowing golden altar of the Shining One.
   250 | D        | Became a worshipper of Makhleb the Destroyer
   328 | D        | Noticed a yak
   328 | D        | Noticed a kobold demonologist
   328 | D        | Noticed a yak
   328 | D        | Noticed a hornet
   337 | D        | Noticed a rust devil
   353 | D        | HP: 1/28 [hornet (4)]
   354 | D        | Killed a hornet
   355 | D        | Reached skill level 10 in Maces & Flails
   355 | D        | Reached XP level 5. HP: 1/32 MP: 5/5
   355 | D        | Reached XP level 6. HP: 2/37 MP: 6/6
   381 | D        | Killed a yak
   381 | D        | Reached * piety under Makhleb
   382 | D        | Reached XP level 7. HP: 41/41 MP: 7/7
   389 | D        | Killed a kobold demonologist
   390 | D        | Reached skill level 10 in Shields
   405 | D        | Killed a yak
   405 | D        | Reached ** piety under Makhleb
   406 | D        | Reached XP level 8. HP: 26/46 MP: 8/8
   536 | D        | Noticed a cyclops
   536 | D        | Noticed a deep elf pyromancer
   536 | D        | Noticed a wraith
   536 | D        | Noticed a manticore
   536 | D        | Noticed a five-headed hydra
   536 | D        | Noticed a purple ugly thing
   548 | D        | Killed a purple ugly thing
   559 | D        | Killed a five-headed hydra
   568 | D        | Slain by a manticore

Illustrated notes

Levels and vault maps discovered:
D:        linesprint [early_d, line_temple, items_1, d_10, items_2, lair_1,
          lair_end, items_3, orc_1, orc_end, items_4, d_15, swamp_1, shoals_1,
          snake_1, spider_1, d_20, vaults_1, items_5, swamp_end, shoals_end,
          snake_end, spider_end, vaults_end, d_27, items_6, zot_1, zot_end,
          crypt_end, forest_end, elf_end, slime_end, tomb_end, abyss_end,
          pan_hell_end]

Skill      XL: |  1  2  3  4  5  6  7  8 |
---------------+-------------------------+-----
Maces & Flails | 7 10 11 13 14 | 14.0
Shields        | 6 8 9 11 14 | 14.1
Fighting       | |  3.2
Armour         | |  3.2

Action                   |  1- 3 |  4- 6 |  7- 9 || total
-------------------------+-------+-------+-------++-------
Melee: Flail             |    29 |    55 |    51 ||   135
  Use: Potion            |     1 |     5 |     1 ||     7
 Stab: Invisible         |       |       |     7 ||     7
Armor: Scale mail        |     9 |       |       ||     9
       Ring mail         |       |    25 |    16 ||    41
Dodge: Dodged            |    15 |    12 |    19 ||    46
Block: Kite shield       |    19 |    23 |    23 ||    65

Table legend: (Time is in decaauts)
 A = Elapsed time spent in this place.
 B = Non-inter-level travel time spent in this place.
 C = Inter-level travel time spent in this place.
 D = Time resting spent in this place.
 E = Time spent auto-exploring this place.
 F = Levels seen in this place.
 G = Mean time per level.
                   A        B        C        D        E       F      G
               +--------+--------+--------+--------+--------+-----+--------+
         Total |    568 |    568 |      0 |    269 |     29 |   1 |  568.0 |
       Dungeon |    568 |    568 |      0 |    269 |     29 |   1 |  568.0 |
               +--------+--------+--------+--------+--------+-----+--------+

Top non-repeatable levels by time:
       D: 568 daAuts
